 Dungeon Crawl Stone Soup version 0.30-a0-949-g53dc5368d7 (webtiles) character file.

Game seed: 13722276235951535412

75833 Dirtsage the Severer (level 15, -30/122 HPs)
             Began as a Demonspawn Fighter on Mar 28, 2023.
             Was an Initiate of Gozag.
             Annihilated by an orc knight
             ... wielding a +0 glaive
              (31 damage)
             ... while paralysed by an orc sorcerer
             ... on level 2 of the Orcish Mines.
             The game lasted 00:50:17 (17750 turns).

Dirtsage the Severer (Demonspawn Fighter)          Turns: 17750, Time: 00:50:18

Health: -30/122    AC: 19    Str: 33    XL:     15   Next: 10%
Magic:  8/8        EV:  2    Int: 12    God:    Gozag
Gold:   1805       SH:  0    Dex: 14    Spells: 14/14 levels left

rFire   + + +      SeeInvis +    p - +0 broad axe (antimagic)
rCold   + . .      Faith    .    c - +7 tower shield of the Sharp Wumpus {Str+4}
rNeg    + . .      Spirit   .    M - +1 fire dragon scales of Haces {rF++ rC- rN+ Will+ Regen+ Int+3}
rPois   +          Reflect  .    (helmet restricted)
rElec   +          Rampage  .    T - scarf {+Inv}
rCorr   +                        w - +0 pair of gloves of Wazept {rF+ MP+9 Str+3}
Will    ++...                    v - +2 pair of boots Stlth
                                 Y - amulet "Yxteun" {Acrobat rPois Regen+ Str+3}
HPRegen 3.00/turn                I - ring of protection from cold
MPRegen 0.11/turn                S - ring of see invisible

@: paralysed, mighty, resistant, gold aura, hasted
A: horns 1, rugged brown scales 2, powered by death 2, powered by pain 3
a: Renounce Religion, Evoke Invisibility, Potion Petition, Call Merchant, Bribe
Branch


You were on level 2 of the Orcish Mines.
You worshipped Gozag.
Gozag was most pleased with you.
You visited 4 branches of the dungeon, and saw 20 of its levels.
You visited 1 bazaar.
You also visited: Volcano.

You collected 6531 gold pieces.
You spent 3890 gold pieces at shops.
You paid 836 gold pieces to Gozag.

Inventory:

Hand Weapons
 a - a +1 war axe of flaming
 p - a +0 antimagic broad axe (weapon)
Missiles
 f - 14 javelins (quivered)
 Z - 2 curare-tipped darts
Armour
 c - the +7 tower shield of the Sharp Wumpus (worn) {Str+4}
   (You bought it in a shop in a bazaar)

   Str:       It affects your strength (+4).
 v - a +2 pair of boots (worn)
 w - the +0 pair of gloves of Wazept (worn) {rF+ MP+9 Str+3}
   (You acquired it on level 11 of the Dungeon)

   Str:       It affects your strength (+3).
   rF:        It protects you from fire.
   MP:        It affects your magic capacity (+9).
 x - the +5 chain mail "Earthly Heaven" {MP+9 Dex+4}
   (You found it on level 6 of the Dungeon)

   Dex:       It affects your dexterity (+4).
   MP:        It affects your magic capacity (+9).
 M - the +1 fire dragon scales of Haces (worn) {rF++ rC- rN+ Will+ Regen+ Int+3}
   (You bought it in a shop on level 4 of the Dungeon)

   Int:       It affects your intelligence (+3).
   rF:        It greatly protects you from fire.
   rC:        It makes you vulnerable to cold.
   rN:        It protects you from negative energy.
   Regen:     It increases your rate of health regeneration.
   Will:      It increases your willpower.
 T - a scarf of invisibility (worn)
 U - the +1 pair of gloves of Winter {rC- Regen+ Str+2 Stlth+}
   (You bought it in a shop on level 4 of the Dungeon)

   Str:       It affects your strength (+2).
   rC:        It makes you vulnerable to cold.
   Regen:     It increases your rate of health regeneration.
   Stlth:     It makes you more stealthy.
Jewellery
 s - a ring of willpower
 C - a ring of resist corrosion
 D - a ring of flight
 I - a ring of protection from cold (left hand)
 K - an amulet of reflection
 N - a ring of positive energy
 S - a ring of see invisible (right hand)
 W - a ring of wizardry
 Y - the amulet "Yxteun" (around neck) {Acrobat rPois Regen+ Str+3}
   (You bought it in a shop on level 6 of the Dungeon)

   [amulet of the acrobat]

   It increases your evasion while moving and waiting.
   Str:       It affects your strength (+3).
   rPois:     It protects you from poison.
   Regen:     It increases your rate of health regeneration.
Wands
 r - a wand of quicksilver (4)
 E - a wand of polymorph (15)
 G - a wand of mindburst (8)
Scrolls
 e - 3 scrolls of amnesia
 g - 2 scrolls of fear
 i - a scroll of identify
 m - 2 scrolls of magic mapping
 t - 3 scrolls of teleportation
 u - 2 scrolls of torment
 y - a scroll of fog
 z - 2 scrolls of enchant weapon
 B - 2 scrolls of blinking
 H - 4 scrolls of enchant armour
 J - 2 scrolls of brand weapon
 R - 3 scrolls of poison
 V - 3 scrolls of immolation
Potions
 b - 3 potions of lignification
 d - 7 potions of might
 h - 2 potions of haste
 j - 5 potions of mutation
 k - 2 potions of berserk rage
 l - 4 potions of heal wounds
 n - 2 potions of resistance
 o - a potion of flight
 q - 8 potions of curing
 A - 2 potions of cancellation
 F - 3 potions of attraction
 P - a potion of brilliance
Miscellaneous
 L - a phantom mirror
 O - a box of beasts
 Q - a phial of floods
 X - a condenser vane


   Skills:
 + Level 10.7 Fighting
 + Level 17.7 Axes
 + Level 9.8 Armour
 * Level 10.0 Shields
 * Level 8.0 Evocations


You had 14 spell levels left.
You didn't know any spells.
Your spell library contained the following spells:

 Spells                   Type           Power      Damage    Failure   Level
 Freeze                   Ice            0%         1d3       99%         1
 Lesser Beckoning         Tloc           0%         N/A       99%         2
 Confusing Touch          Hex            0%         N/A       100%        3
 Frozen Ramparts          Ice            0%         1d1       100%        3
 Gell's Gravitas          Tloc           0%         N/A       100%        3
 Hailstorm                Conj/Ice       0%         3d3       100%        3
 Summon Guardian Golem    Hex/Summ       0%         N/A       100%        3
 Teleport Other           Tloc           0%         N/A       100%        3
 Tukima's Dance           Hex            0%         N/A       100%        3
 Anguish                  Hex/Necr       0%         N/A       100%        4
 Passage of Golubria      Tloc           0%         N/A       100%        4
 Petrify                  Tmut/Erth      0%         N/A       100%        4
 Borgnjor's Vile Clutch   Necr/Erth      0%         N/A       100%        5
 Metabolic Englaciation   Hex/Ice        0%         N/A       100%        5
 Silence                  Hex/Air        0%         N/A       100%        5
 Summon Forest            Summ/Tloc      0%         N/A       100%        5
 Summon Mana Viper        Hex/Summ       0%         N/A       100%        5
 Yara's Violent Unravell  Hex/Tmut       0%         3d3       100%        5
 Death Channel            Necr           0%         N/A       100%        6
 Statue Form              Tmut/Erth      0%         N/A       100%        6
 Summon Cactus Giant      Summ           0%         N/A       100%        6
 Lehudib's Crystal Spear  Conj/Erth      0%         10d2      100%        8
 Animate Dead             Necr           Unusable   N/A       N/A         4

Dungeon Overview and Level Annotations

Branches:
Dungeon (12/15)            Temple (1/1) D:5            Lair (5/5) D:10
 Shoals (0/4) Lair:3        Snake (0/4) Lair:2        Slime (0/5) Lair:4
    Orc (2/2) D:12            Elf (0/3) Orc:2       Volcano (visited)

Altars:
Ashenzari
Gozag
Kikubaaqudgha
Okawaru
Ru
Trog
Vehumet
Wu Jian
Xom
Jiyva
Lugonu

Shops:
D:4 [!(*   D:6 =   Orc:2 *=

Portals:
Abyss: Lair:5

Annotations:
D:2 1 runed translucent door, Crazy Yiuf
D:8 exclusion: 3 oklob plants
D:9 2 transporters, zurenarrh's ghost, journeyman OpFE
D:12 1 runed translucent door
Orc:2 Snorg


Innate Abilities, Weirdness & Mutations

You have a pair of small horns on your head.
You are mostly covered in rugged brown scales. (AC +2, +5% HP)
You regenerate health from kills.
You are powered by pain.


Message History

The orc knight is distracted by your dazzling golden aura.
The orc warrior hits you from afar with a +0 halberd!!
You focus on the pain.
You feel mightier all of a sudden.
The orc warlord roars a battlecry!
The orc warrior goes into a battle-frenzy!
The orc sorcerer hits you with a +0 dagger.
The orc knight shouts!
The orc knight is no longer distracted by gold.
The warg bites you.
The orc sorcerer mumbles some strange words.
The orc warrior hits you with a +0 war axe!!
The orc warrior hits the fungus with a +0 mace!
The orc knight hits you from afar with a +0 glaive!
The orc warrior hits you from afar with a +0 halberd!
The orc warlord hits you with a +0 war axe!
* * * LOW HITPOINT WARNING * * *
The orc sorcerer hits you with a +0 dagger!
* * * LOW HITPOINT WARNING * * *
The warg bites you but does no damage. The orc warrior completely misses you.
The orc knight hits you from afar with a +0 glaive.
* * * LOW HITPOINT WARNING * * *
The orc warrior hits you from afar with a +0 halberd.
* * * LOW HITPOINT WARNING * * *
The orc warlord completely misses you.
The orc sorcerer is distracted by your dazzling golden aura.
The warg bites you!
* * * LOW HITPOINT WARNING * * *
The ynoxinul gestures.
The orc sorcerer shouts!
The orc sorcerer is no longer distracted by gold.
The warg bites you but does no damage.
The orc sorcerer hits you but does no damage.
The orc warrior hits you with a +0 war axe!
* * * LOW HITPOINT WARNING * * *
The orc warlord hits you but does no damage.
The orc warrior hits the fungus with a +0 mace!
The orc knight hits you from afar with a +0 glaive!!
You die...
Your body crumbles into a pile of gold.

#P.......P...
#..P.........
..##....5∩......
......P.53..8.P..
..........ooo.o...
.........PoPo3..P#
#..........ooh....#.
##...........@o......
##.............o....#.
#...#.................
##..##.............##.
#.$.................#
$
##....$#..............
##...#...........#...
#....$.)........#...#
##...$.$.........#.##


You could see an orc warlord (strong), 2 orc knights, a sun demon (summoned), a
ynoxinul (summoned), a warg, 2 orc sorcerers, 4 orc warriors, an orc (strong)
and 2 ufetubi.

Vanquished Creatures
  A stone giant (Volcano)
  4 hydras
  Erolcha (D:10)
  4 boulder beetles
  2 centaur warriors (D:10)
  Erica (D:9)
  6 two-headed ogres
  4 thrashing horrors (Lair:5)
  4 orc high priests (Orc:2)
  A spriggan (Lair:3)
  Urug (Lair:2)
  3 skysharks
  A fire crab (shapeshifter) (D:12)
  A lindwurm (Lair:5)
  2 orc knights (Orc:2)
  A deep elf pyromancer (D:12)
  3 ugly things (Lair:5)
  3 cyclopes
  2 manticores (D:11)
  20 elephants
  3 smoke demons (Lair:5)
  5 black mambas
  9 cane toads
  2 gargoyles (Volcano)
  An unseen horror (D:12)
  A cane toad (shapeshifter) (Lair:5)
  3 rime drakes
  A tengu conjurer (D:10)
  6 komodo dragons
  A kobold demonologist (D:11)
  An efreet (Volcano)
  2 ancient zymes (Lair:5)
  4 trolls
  3 polar bears
  A hornet (Lair:3)
  A merfolk (Lair:3)
  33 blink frogs
  9 slime creatures
  A jumping spider (shapeshifter) (Lair:5)
  Sigmund (D:5)
  2 wraiths
  2 fire elementals (Volcano)
  8 basilisks
  7 fire bats (Volcano)
  3 wyverns
  58 yaks
  2 steam dragons
  2 chaos spawn (Lair:5)
  2 wargs
  A large abomination (Lair:5)
  3 nagas (Lair:2)
  An acid dragon (D:12)
  6 water moccasins
  A swamp drake (D:12)
  An ice beast (D:7)
  2 sky beasts
  2 black bears
  6 ogres
  22 orc warriors
  3 centaurs (D:11)
  34 wolves (Lair:3)
  A phantom (D:5)
  5 kobold brigands
  18 bullfrogs
  3 scorpions
  2 earth elementals (Volcano)
  17 wights
  11 small abominations (Lair:5)
  11 killer bees
  12 howler monkeys
  6 lava snakes (Volcano)
  9 hounds
  A jelly (Lair:4)
  15 orc priests
  6 iguanas
  13 orc wizards
  5 hell rats (Lair:2)
  8 adders
  A white imp (D:7)
  A howler monkey simulacrum (D:10)
  2 ufetubi
  4 worms (D:2)
  4 dart slugs
  60 orcs
  6 endoplasms
  5 giant cockroaches
  6 goblins
  6 hobgoblins (D:1)
  4 jackals (D:2)
  36 kobolds
  6 quokkas
  3 ball pythons
  8 bats
  3 frilled lizards
  2 rats (D:1)
621 creatures vanquished.

Vanquished Creatures (others)
  A floating eye (D:8)
  An orc wizard (D:10)
  30 fungi
  34 plants
66 creatures vanquished.

Grand Total: 687 creatures vanquished

Notes
Turn   | Place    | Note
-------+----------+-------------------------------------------
     0 | D:1      | Dirtsage the Demonspawn Fighter began the quest for the
                  | Orb.
     0 | D:1      | Reached XP level 1. HP: 18/18 MP: 1/1
    76 | D:1      | Reached skill level 2 in Axes
   231 | D:1      | Gained mutation: You regenerate a little health from kills.
                  | [demonic ancestry]
   231 | D:1      | Reached XP level 2. HP: 23/24 MP: 2/2
   377 | D:1      | Reached skill level 3 in Axes
   525 | D:1      | Found a faded altar of an unknown god.
   584 | D:1      | Gained mutation: You sometimes gain a little power by
                  | taking damage. [demonic ancestry]
   584 | D:1      | Reached XP level 3. HP: 26/29 MP: 3/3
  1100 | D:2      | Found a runed translucent door.
  1101 | D:2      | Noticed Crazy Yiuf
  1201 | D:2      | Reached skill level 4 in Axes
  1201 | D:2      | Gained mutation: You are partially covered in rugged brown
                  | scales. (AC +1, +3% HP) [demonic ancestry]
  1201 | D:2      | Reached XP level 4. HP: 29/36 MP: 4/4
  1683 | D:3      | Found an ancient bone altar of Kikubaaqudgha.
  2211 | D:4      | Noticed a scorpion
  2232 | D:4      | Killed a scorpion
  2233 | D:4      | Reached skill level 5 in Axes
  2233 | D:4      | Gained mutation: You sometimes gain power by taking damage.
                  | [demonic ancestry]
  2233 | D:4      | Reached XP level 5. HP: 28/42 MP: 5/5
  2328 | D:4      | Noticed a sky beast
  2332 | D:4      | Found Naol's Distillery.
  2635 | D:4      | Found Useoc's Weapon Shop.
  2789 | D:4      | Bought a potion of curing for 36 gold pieces
  2789 | D:4      | Bought a potion of heal wounds for 60 gold pieces
  2846 | D:4      | Killed a sky beast
  2847 | D:4      | Reached skill level 6 in Axes
  2847 | D:4      | Reached XP level 6. HP: 24/48 MP: 6/6
  3061 | D:4      | Found Femmykya's Antique Armour Shop.
  3280 | D:4      | Found Welaxker's General Store.
  3681 | D:5      | Entered Level 5 of the Dungeon
  3726 | D:4      | Reached skill level 7 in Axes
  3726 | D:4      | Reached XP level 7. HP: 52/53 MP: 7/7
  3746 | D:5      | You fall into a shaft and drop 2 floors!
  3949 | D:6      | Found Noumattu's Jewellery Shoppe.
  4033 | D:6      | Reached skill level 8 in Axes
  4336 | D:6      | Identified the +5 chain mail "Earthly Heaven" {MP+9 Dex+4}
  4692 | D:5      | Gained mutation: You are mostly covered in rugged brown
                  | scales. (AC +2, +5% HP) [demonic ancestry]
  4692 | D:5      | Reached XP level 8. HP: 24/58 MP: 8/8
  4693 | D:5      | Reached skill level 9 in Axes
  5065 | D:5      | Noticed Sigmund
  5071 | D:5      | Killed Sigmund
  5072 | D:5      | Reached skill level 10 in Axes
  5089 | D:5      | Found an iron altar of Okawaru.
  5206 | D:5      | Found a staircase to the Ecumenical Temple.
  5334 | Temple   | Entered the Ecumenical Temple
  5342 | Temple   | Became a worshipper of Gozag Ym Sagoz the Greedy
  5695 | D:7      | Reached skill level 11 in Axes
  5695 | D:7      | Reached XP level 9. HP: 66/66 MP: 9/9
  6092 | D:7      | Found a sacrificial altar of Ru.
  6310 | D:8      | Found a radiant altar of Vehumet.
  6365 | D:8      | Noticed an oklob plant
  6369 | D:8      | Noticed an oklob plant
  6371 | D:8      | Paralysed by a floating eye for 3 turns
  6378 | D:8      | Paralysed by a floating eye for 4 turns
  6496 | D:8      | Noticed a two-headed ogre
  6508 | D:8      | Killed a two-headed ogre
  6509 | D:8      | Reached skill level 12 in Axes
  6520 | D:8      | Reached skill level 13 in Axes
  6665 | D:8      | Reached XP level 10. HP: 52/73 MP: 10/10
  6970 | D:8      | Noticed an oklob plant
  7173 | D:9      | Noticed Erica
  7249 | D:9      | Noticed a two-headed ogre
  7261 | D:9      | Killed a two-headed ogre
  7316 | D:9      | Found a shimmering altar of Xom.
  7326 | D:9      | Found a shimmering altar of Xom.
  7327 | D:9      | Found a shimmering altar of Xom.
  7328 | D:9      | Found a shimmering altar of Xom.
  7328 | D:9      | Found a shimmering altar of Xom.
  7328 | D:9      | Found a shimmering altar of Xom.
  7448 | D:9      | Reached skill level 14 in Axes
  7754 | D:6      | Bought the amulet "Yxteun" {Acrobat rPois Regen+ Str+3} for
                  | 617 gold pieces
  7909 | D:9      | Noticed a centaur warrior
  7909 | D:9      | Noticed zurenarrh's ghost (journeyman OpFE)
  7910 | D:9      | Found a transporter.
  7910 | D:9      | Noticed a fire dragon
  8036 | D:9      | Noticed a swamp dragon
  8037 | D:9      | a swamp dragon changed into a cyclops
  8037 | D:9      | Noticed a cyclops (shapeshifter)
  8042 | D:9      | Noticed a manticore
  8042 | D:9      | a manticore changed into a komodo dragon
  8042 | D:9      | a cyclops changed into a skyshark
  8042 | D:9      | Noticed a skyshark (shapeshifter)
  8132 | D:9      | Found a transporter.
  8238 | D:9      | Noticed an orb spider
  8248 | D:10     | Entered Level 10 of the Dungeon
  8248 | D:10     | Noticed a two-headed ogre
  8265 | D:9      | Killed Erica
  8266 | D:9      | Reached skill level 15 in Axes
  8375 | D:9      | Noticed a cyclops
  8395 | D:10     | Noticed Erolcha
  8421 | D:10     | Gained mutation: You regenerate health from kills. [demonic
                  | ancestry]
  8421 | D:10     | Reached XP level 11. HP: 62/78 MP: 11/11
  8425 | D:10     | Noticed a centaur warrior
  8427 | D:10     | Noticed a centaur warrior
  8454 | D:10     | Killed a centaur warrior
  8460 | D:10     | Killed a centaur warrior
  8461 | D:10     | Reached skill level 16 in Axes
  8472 | D:10     | Killed a two-headed ogre
  8490 | D:10     | Killed Erolcha
  8547 | D:10     | Found a staircase to the Lair.
  8594 | D:10     | Identified the staff of cold "Vuivvum" {rC+ Stlth+}
  8662 | D:10     | Noticed a two-headed ogre
  8677 | D:10     | Killed a two-headed ogre
  8704 | D:10     | Found a broken altar of Ashenzari.
  8809 | D:10     | Found an ornate altar of the Wu Jian Council.
  9164 | D:4      | Bought a runed scarf for 248 gold pieces
  9164 | D:4      | Bought a pair of dazzling gloves for 294 gold pieces
  9164 | D:4      | Identified the +1 pair of gloves of Winter {rC- Regen+
                  | Str+2 Stlth+} (You bought it in a shop on level 4 of the
                  | Dungeon)
  9321 | D:9      | Noticed a glowing orange brain
  9323 | D:9      | Noticed a satyr
  9324 | D:9      | a satyr changed into a wolf spider
  9324 | D:9      | Noticed a wolf spider (shapeshifter)
  9341 | Lair:1   | Entered Level 1 of the Lair of Beasts
  9367 | Lair:1   | Reached skill level 5 in Fighting
  9551 | Lair:1   | Reached skill level 5 in Armour
  9551 | Lair:1   | Reached skill level 5 in Shields
  9558 | Lair:1   | Reached XP level 12. HP: 91/91 MP: 12/12
  9894 | Lair:1   | Identified a scroll of acquirement
  9901 | Lair:1   | Acquired a +0 antimagic broad axe
  9919 | Lair:2   | Noticed Urug
  9947 | Lair:2   | Killed Urug
 10694 | Lair:2   | Found a staircase to the Snake Pit.
 11820 | Lair:3   | Found a staircase to the Shoals.
 12071 | Lair:4   | Gained mutation: You have a pair of small horns on your
                  | head. [demonic ancestry]
 12071 | Lair:4   | Reached XP level 13. HP: 102/102 MP: 13/13
 12124 | Lair:4   | Found a dark tunnel.
 12132 | Volcano  | Entered a volcano
 12246 | Volcano  | Noticed a stone giant
 12257 | Volcano  | Found a burning altar of Makhleb.
 12273 | Volcano  | Killed a stone giant
 12292 | Volcano  | Identified the +1 war axe "Zafumuen" {holy, Dex+4}
 12650 | Lair:4   | Reached skill level 17 in Axes
 13103 | Lair:4   | Reached skill level 1 in Evocations
 13153 | Lair:4   | Found a viscous altar of Jiyva.
 13153 | Lair:4   | Found a staircase to the Slime Pits.
 13488 | Lair:5   | Entered Level 5 of the Lair of Beasts
 13599 | Lair:5   | Reached XP level 14. HP: 109/113 MP: 14/14
 14015 | Lair:5   | Reached skill level 5 in Evocations
 14266 | Lair:5   | Found a corrupted altar of Lugonu.
 14266 | Lair:5   | Found a one-way gate to the infinite horrors of the Abyss.
 14274 | Lair:5   | Identified the +7 arbalest "Ewuats" {penet, Int+3}
 14396 | Lair:5   | Reached skill level 10 in Fighting
 15090 | D:11     | Acquired the +0 pair of gloves of Wazept {rF+ MP+9 Str+3}
 15629 | D:12     | Found a flickering gateway to a bazaar.
 15638 | Bazaar   | Entered a bazaar
 15638 | Bazaar   | Found Aqoss's Antique Weapon Boutique.
 15656 | Bazaar   | Found Ned Qabo's Jewellery Shop.
 15664 | Bazaar   | Found Cogharig's Antique Armour Shoppe.
 15672 | Bazaar   | Bought a fading tower shield for 180 gold pieces
 15672 | Bazaar   | Identified the +7 tower shield of the Sharp Wumpus {Str+4}
                  | (You bought it in a shop in a bazaar)
 15672 | Bazaar   | Bought a distressingly furry chain mail for 180 gold pieces
 15672 | Bazaar   | Identified the +3 chain mail "Xur Ytey" {rF- Str+8 Dex+6}
                  | (You bought it in a shop in a bazaar)
 15672 | Bazaar   | Bought a steaming chain mail for 180 gold pieces
 15672 | Bazaar   | Identified the +2 chain mail "Idoim" {Harm Slay+2} (You
                  | bought it in a shop in a bazaar)
 15687 | Bazaar   | Found Moewirpha's Weapon Emporium.
 15692 | Bazaar   | Found Jiqiuq's Assorted Antiques.
 15700 | Bazaar   | Bought a scroll of identify for 40 gold pieces
 15700 | Bazaar   | Bought a scroll labelled EBOME COS TAU for 20 gold pieces
 15700 | Bazaar   | Bought a scroll labelled BECLEXUBEU for 20 gold pieces
 16084 | D:12     | Found a runed translucent door.
 16084 | D:12     | Noticed a sphinx
 16085 | D:12     | Noticed a frost giant
 16338 | D:4      | Bought fine fire dragon scales for 2015 gold pieces
 16338 | D:4      | Identified the +1 fire dragon scales of Haces {rF++ rC- rN+
                  | Will+ Regen+ Int+3} (You bought it in a shop on level 4 of
                  | the Dungeon)
 16887 | D:12     | Found a staircase to the Orcish Mines.
 17083 | D:12     | Got the Atlas of Glamour
 17249 | Orc:1    | Entered Level 1 of the Orcish Mines
 17453 | Orc:2    | Entered Level 2 of the Orcish Mines
 17453 | Orc:2    | Found a staircase to the Elven Halls.
 17453 | Orc:2    | Found Ysere's Antique Armour Emporium.
 17492 | Orc:2    | Gained mutation: You are powered by pain. [demonic
                  | ancestry]
 17492 | Orc:2    | Reached XP level 15. HP: 122/122 MP: 8/15
 17693 | Orc:2    | Found Dutousso's Jewellery Shoppe.
 17713 | Orc:2    | Noticed Snorg
 17731 | Orc:2    | Reached skill level 10 in Shields
 17740 | Orc:2    | Found Liupp's General Store.
 17746 | Orc:2    | Paralysed by an orc sorcerer for 5 turns
 17750 | Orc:2    | HP: 1/122 [orc warrior/+0 war axe (15)]
 17750 | Orc:2    | Annihilated by an orc knight

Illustrated notes

Levels and vault maps discovered:
D:1:      dpeg_arrival_oval, layout_basic, serial_curves, eino_curves_01,
          eino_curves_01, eino_curves_02, basic_ecumenical_altar
D:2:      layout_rooms, uniq_crazy_yiuf_cottage
D:3:      layout_basic, pf_just_have_faith, roderic_roman_lattice
D:4:      layout_layer_cave, serial_shops, nicolae_shop_hallway_plus, shop,
          shop_statue, nicolae_shop_crystal
D:5:      layout_cave_pools, hellmonk_okawaru_the_only_friend_you_need,
          minmay_temple_entry_glassed_door, uniq_sigmund
D:6:      layout_loops_corners, serial_shops, nicolae_shop_waterfront,
          roderic_serpentine_path, minmay_misc_feat_roman
D:7:      layout_basic, mainiacjoe_overflow_brackets
D:8:      layout_loops_cross, nicolae_vehumet_altar_sigil, disabler_island
D:9:      layout_loops_ring, xom_shifter_show, elyvilon_altar_3,
          gammafunk_ghost_arena, st_stairs_3, uniq_erica
D:10:     minmay_blocky_corners, layout_rooms, mainiacjoe_overflow_paths,
          lemuel_tele_altar, minmay_lair_entry_grove, uniq_erolcha
D:11:     minmay_angry_zag, layout_basic
D:12:     layout_irregular_city, erik_orc_1, serial_shops, bzr_entry_dummy,
          minmay_hidden_floor
Temple:   dpeg_chambers_temple
Lair:1:   layout_misc_corridors, grunt_forest_stairs_basic,
          nicolae_quartered_pool_impasse, grunt_megastairs_3
Lair:2:   layout_cave_pods, nicolae_snake_entry_squirm, uniq_urug
Lair:3:   layout_regular_city, elwin_shoals_entry_rooms,
          grunt_forest_large_clearings
Lair:4:   layout_regular_city, minmay_slime_entry_pillars, enter_volcano_2,
          serial_bayou_pond_a, lemuel_fruit_tree
Lair:5:   hellmonk_lair_end_abyssal_woods, layout_misc_corridors,
          lemuel_old_faithful, serial_bayou_shore_a, grunt_megastairs_4,
          infiniplex_staircase_pool_2
Orc:1:    layout_caves, bh_open_orc_temple, uniq_jorgrun
Orc:2:    grunt_orc_gardens, layout_caves, grunt_orc_garden, grunt_orc_garden,
          grunt_orc_garden, grunt_orc_garden, uniq_snorg

Skill      XL: |  1  2  3  4  5  6  7  8  9 10 11 12 13 14 15 |
---------------+----------------------------------------------+-----
Axes           | 2 3 4 5 6 7 8 11 13 15 16 17 | 17.7
Armour         | 5 7 8 9 |  9.8
Shields        | 5 7 8 9 10 | 10.0
Fighting       | 5 7 9 10 | 10.7
Evocations     | 3 7 8 |  8.0

Action                     |  1- 3 |  4- 6 |  7- 9 | 10-12 | 13-15 || total
---------------------------+-------+-------+-------+-------+-------++-------
  Melee: War axe           |    95 |       |   219 |   580 |   300 ||  1194
         Hand axe          |     7 |   165 |   160 |       |       ||   332
         Headbutt          |       |       |       |       |   257 ||   257
         Broad axe         |       |       |       |       |   670 ||   670
  Throw: Javelin           |       |     1 |       |       |       ||     1
         Dart              |       |       |       |     2 |     2 ||     4
 Invoke: Potion Petition   |       |       |       |       |     1 ||     1
  Evoke: Wand              |       |       |     2 |     1 |       ||     3
    Use: Potion            |       |     2 |     1 |     2 |     4 ||     9
         Scroll            |       |     7 |       |     8 |    16 ||    31
   Stab: Distracted        |       |       |     1 |     7 |    12 ||    20
         Paralysed         |       |       |       |       |     1 ||     1
 Armour: Scale mail        |    48 |    96 |    41 |       |       ||   185
         Chain mail        |       |       |   176 |   340 |   413 ||   929
         Fire dragon scale |       |       |       |       |    60 ||    60
  Dodge: Dodged            |    42 |    56 |   128 |   170 |   381 ||   777
  Block: Buckler           |    20 |    27 |    78 |   117 |   215 ||   457
         Tower shield      |       |       |       |       |   294 ||   294

Table legend: (Time is in decaauts)
 A = Elapsed time spent in this place.
 B = Non-inter-level travel time spent in this place.
 C = Inter-level travel time spent in this place.
 D = Time resting spent in this place.
 E = Time spent auto-exploring this place.
 F = Levels seen in this place.
 G = Mean time per level.
                   A        B        C        D        E       F      G
               +--------+--------+--------+--------+--------+-----+--------+
         Total |  17516 |  15761 |   1755 |    368 |  11702 |  22 |  796.2 |
       Dungeon |  11439 |   9875 |   1564 |    249 |   7557 |  12 |  953.2 |
        Temple |     16 |      9 |      7 |      0 |      0 |   1 |   16.0 |
          Lair |   5146 |   4973 |    173 |    119 |   3697 |   5 | 1029.2 |
  Orcish Mines |    492 |    483 |      9 |      0 |    281 |   2 |  246.0 |
        Bazaar |    100 |    100 |      0 |      0 |     45 |   1 |  100.0 |
       Volcano |    320 |    320 |      0 |      0 |    121 |   1 |  320.0 |
               +--------+--------+--------+--------+--------+-----+--------+

Top non-repeatable levels by time:
     D:4: 1818 daAuts
  Lair:5: 1409 daAuts
     D:6: 1362 daAuts
  Lair:2: 1152 daAuts
     D:9: 1113 daAuts
    D:12: 1094 daAuts
  Lair:4: 1077 daAuts
     D:8: 995 daAuts
  Lair:3: 939 daAuts
     D:1: 810 daAuts
     D:5: 774 daAuts
     D:3: 764 daAuts
     D:7: 741 daAuts
     D:2: 722 daAuts
    D:10: 653 daAuts
